 Dungeon Crawl Stone Soup version 0.31-a0-128-g25add195a6 (webtiles) character file.

Game seed: 11040300954413474004

259 IdlyInterested the Trooper (level 5, -11/43 HPs)
             Began as a Demonspawn Gladiator on June 1, 2023.
             Mangled by Duvessa
             ... wielding a +0 short sword
              (16 damage)
             ... on level 4 of the Dungeon.
             The game lasted 00:07:39 (2955 turns).

IdlyInterested the Trooper (Demonspawn Gladiator)   Turns: 2955, Time: 00:07:40

Health: -11/43     AC:  6    Str: 21      XL:     5   Next: 95%
Magic:  5/5        EV: 12    Int:  7 (9)  God:
Gold:   133        SH:  0    Dex: 15 (16) Spells: 4/4 levels left

rFire   . . .        a - +0 long sword
rCold   . . .        (no shield)
rNeg    + . .        m - +0 ring mail
rPois   .            c - +0 helmet
rElec   .            (no cloak)
rCorr   .            (no gloves)
SInv    .            (no boots)
Will    .....        (no amulet)
Stlth   +            f - +6 ring of strength
HPRegen 0.27/turn    t - ring of positive energy
MPRegen 0.09/turn

%: no passive effects
@: mighty
A: hooves 1
a: no special abilities


You were on level 4 of the Dungeon.
You visited 1 branch of the dungeon, and saw 4 of its levels.

You collected 133 gold pieces.

Inventory:

Hand Weapons
 a - a +0 long sword (weapon)
 o - a +0 short sword
 s - a +2 dagger of protection
Missiles
 d - 3 throwing nets
 j - 2 stones (quivered)
 r - 21 poisoned darts
Armour
 c - a +0 helmet (worn)
 m - a +0 ring mail (worn)
 p - a +0 pair of boots
 q - a +0 helmet
Jewellery
 f - a +6 ring of strength (left hand)
 t - a ring of positive energy (right hand)
Scrolls
 u - a scroll of noise {unknown}
 v - 3 scrolls of butterflies {unknown}
Potions
 b - 2 potions of cancellation
 i - a potion of attraction {unknown}
 k - a potion of enlightenment {unknown}
 n - 2 potions of curing


   Skills:
 * Level 4.6 Fighting
 + Level 3.8 Long Blades
 + Level 2.9 Throwing
 - Level 3.0 Dodging


You had 4 spell levels left.
You didn't know any spells.
Your spell library contained the following spells:

 Spells                   Type           Power      Damage    Failure   Level
 Magic Dart               Conj           0%         1d3       61%         1
 Blink                    Tloc           0%         N/A       75%         2
 Lesser Beckoning         Tloc           0%         N/A       75%         2
 Momentum Strike          Conj/Tloc      0%         3d8       75%         2
 Searing Ray              Conj           0%         2d4       75%         2
 Fulminant Prism          Conj/Hex       0%         3d5       100%        4


Dungeon Overview and Level Annotations

Branches:
Dungeon (4/15)
 Temple: D:4-7

Altars:
Makhleb

Annotations:
D:4 Duvessa


Innate Abilities, Weirdness & Mutations

You have large cloven feet.


Message History

Aim: Duvessa, wielding a +0 short sword and wearing a +2 scale mail of poison resistance (berserk, 69% to hit)
You throw a curare-tipped dart.
The curare-tipped dart closely misses Duvessa.
The curare-tipped dart closely misses the orc.
Duvessa closely misses you.
Throw: 3 darts (curare)
Press: ? - help, Shift-Dir - straight line, f/p - Duvessa
Aim: Duvessa, wielding a +0 short sword and wearing a +2 scale mail of poison resistance (berserk, 69% to hit)
You throw a curare-tipped dart.
The curare-tipped dart closely misses Duvessa.
The curare-tipped dart closely misses the orc.
Duvessa hits you with a +0 short sword! Duvessa hits you with a +0 short sword.
* * * LOW HITPOINT WARNING * * *
You feel much better. Duvessa hits you with a +0 short sword!
Throw: 2 darts (curare)
Press: ? - help, Shift-Dir - straight line, f/p - Duvessa
Aim: Duvessa, wielding a +0 short sword and wearing a +2 scale mail of poison resistance (berserk, 69% to hit)
You throw a curare-tipped dart. The curare-tipped dart hits Duvessa.
Duvessa closely misses you.
Throw: dart (curare)
Press: ? - help, Shift-Dir - straight line, f/p - Duvessa
Aim: Duvessa, wielding a +0 short sword and wearing a +2 scale mail of poison resistance (berserk, 69% to hit)
You throw a curare-tipped dart.
The curare-tipped dart barely misses Duvessa.
The curare-tipped dart hits the orc.
The orc is poisoned.
The orc convulses.
You kill the orc!
Duvessa hits you with a +0 short sword! x2
* * * LOW HITPOINT WARNING * * *
You feel much better. Duvessa hits you with a +0 short sword!
You feel very mighty all of a sudden. Duvessa hits you with a +0 short sword.
Duvessa hits you but does no damage.
You hit Duvessa but do no damage. You kick Duvessa.
Duvessa is lightly wounded.
Duvessa closely misses you.
You barely miss Duvessa.
Duvessa is lightly wounded.
Duvessa hits you with a +0 short sword!
* * * LOW HITPOINT WARNING * * *
Duvessa hits you with a +0 short sword!
You die...

..........#
..(...(...#
#.........#
###.......#
##.....$#
##...o##
##.oo#
###e## ##@#
### # ###
..##


You could see Duvessa (berserk) and 3 orcs.

Vanquished Creatures
  A bullfrog (D:3)
  Dowan (D:4)
  Robin (D:2)
  7 adders
  2 worms
  3 dart slugs
  An orc (D:4)
  5 ball pythons
  2 endoplasms (D:1)
  A giant cockroach (D:2)
  8 goblins
  9 hobgoblins
  4 quokkas
  3 bats
  6 frilled lizards
  5 kobolds
  4 rats
63 creatures vanquished.

Notes
Turn   | Place    | Note
-------+----------+-------------------------------------------
     0 | D:1      | IdlyInterested the Demonspawn Gladiator began the quest for
                  | the Orb.
     0 | D:1      | Reached XP level 1. HP: 16/16 MP: 1/1
   132 | D:1      | Gained mutation: You have large cloven feet. [demonic
                  | ancestry]
   132 | D:1      | Reached XP level 2. HP: 23/23 MP: 2/2
   410 | D:1      | Noticed an eye of devastation
   414 | D:1      | Found a faded altar of an unknown god.
   416 | D:1      | Noticed a great orb of eyes
   416 | D:1      | Noticed a great orb of eyes
   416 | D:1      | Noticed an eye of devastation
   911 | D:2      | Reached XP level 3. HP: 24/28 MP: 3/3
   945 | D:2      | Reached skill level 3 in Fighting
  1066 | D:2      | Noticed Robin
  1076 | D:2      | Killed Robin
  1182 | D:2      | Reached XP level 4. HP: 35/35 MP: 4/4
  1988 | D:3      | Found a burning altar of Makhleb.
  2824 | D:4      | Noticed a bullfrog
  2839 | D:3      | Killed a bullfrog
  2840 | D:3      | Reached skill level 4 in Fighting
  2840 | D:3      | Reached XP level 5. HP: 24/43 MP: 5/5
  2924 | D:4      | Noticed Duvessa
  2924 | D:4      | Noticed Dowan
  2943 | D:4      | Killed Dowan
  2955 | D:4      | Mangled by Duvessa

Illustrated notes

Levels and vault maps discovered:
D:1:      scummos_arrival_star, layout_basic,
          hellmonk_ecumenical_altar_watching_god
D:2:      layout_basic, uniq_robin
D:3:      layout_loops_ring, bloody_makhleb, nicolae_titane
D:4:      layout_cave_pods, kennysheep_little_box, minivault_4,
          minmay_liquid_box, nicolae_shop_i_like_big_books, uniq_duvessa,
          uniq_crazy_yiuf_cottage

Skill      XL: |  1  2  3  4 |
---------------+-------------+-----
Long Blades    | 3 |  3.8
Dodging        | 3 |  3.0
Fighting       | 3 4 |  4.6
Throwing       | 2 |  2.9

Action                     |  1- 3 |  4- 6 || total
---------------------------+-------+-------++-------
  Melee: Long sword        |    80 |    87 ||   167
         Kick              |     7 |    18 ||    25
         Punch             |       |     1 ||     1
  Throw: Stone             |       |     4 ||     4
         Dart              |       |     5 ||     5
         Javelin           |       |     1 ||     1
    Use: Scroll            |     1 |     3 ||     4
         Potion            |       |     6 ||     6
   Stab: Sleeping          |     1 |       ||     1
 Armour: Leather armour    |     9 |       ||     9
         Ring mail         |    27 |    33 ||    60
  Dodge: Dodged            |    45 |    55 ||   100

Table legend: (Time is in decaauts)
 A = Elapsed time spent in this place.
 B = Non-inter-level travel time spent in this place.
 C = Inter-level travel time spent in this place.
 D = Time resting spent in this place.
 E = Time spent auto-exploring this place.
 F = Levels seen in this place.
 G = Mean time per level.
                   A        B        C        D        E       F      G
               +--------+--------+--------+--------+--------+-----+--------+
         Total |   2996 |   2557 |    439 |    138 |   1771 |   4 |  749.0 |
       Dungeon |   2996 |   2557 |    439 |    138 |   1771 |   4 |  749.0 |
               +--------+--------+--------+--------+--------+-----+--------+

Top non-repeatable levels by time:
     D:2: 1167 daAuts
     D:3: 891 daAuts
     D:1: 869 daAuts
     D:4: 68 daAuts
